[Event "Titled Tuesday Blitz January 03 Early 2023"]
[White "Sliwicki, Damian"]
[Black "Guevara Sanchez, Erick Marvin"]
[WhiteFideId "1127128"]
[BlackFideId "6700136"]
[WhiteElo "2158"]
[BlackElo "2073"]
[Result "0-1"]
[Round "04"]
[TimeControl "180+2"]
[Date "2023.01.03"]
[WhiteClock "0:00:01"]
[BlackClock "0:00:14"]

1. e4 c5 2. Nf3 Nc6 3. Nc3 d6 4. d4 cxd4 5. Nxd4 Nf6 6. g3 Bg4 7. f3 Bd7 8. Bg2 Qb6 9. Be3 e5 10. Nf5 Qxb2 11. Ne2 Bxf5 12. exf5 d5 13. O-O Be7 14. Rb1 Qa3 15. Rb3 Qa6 16. Bg5 O-O-O 17. Qd2 Bc5+ 18. Kh1 Rhe8 19. Rfb1 b6 20. Bxf6 gxf6 21. f4 e4 22. Nc3 Nd4 23. Nb5 Nxb3 24. Rxb3 Qxa2 25. Qc3 d4 26. Qe1 e3 27. Ra3 Bxa3 28. Nxa7+ Kb8 29. Nc6+ Kc7 30. h4 Rd6 31. Nb4 Bxb4 32. Qxb4 Qa1+ 33. Kh2 Qc3 34. Qa4 Rb8 35. Qa7+ Kc8 36. Qe7 Qc7 37. Qe8+ Rd8 38. Qe4 Rg8 0-1


[Site "https://www.chess.com"]

[Event "Titled Tuesday Blitz January 03 Early 2023"]
[White "Tuleyeva-Aketayeva, Dana"]
[Black "Mayaud, Raphael"]
[WhiteFideId "13701932"]
[BlackFideId "627151"]
[WhiteElo "2130"]
[BlackElo "2201"]
[Result "1/2-1/2"]
[Round "04"]
[TimeControl "180+2"]
[Date "2023.01.03"]
[WhiteClock "0:00:07"]
[BlackClock "0:00:06"]

1. d4 Nf6 2. Nf3 d5 3. g3 c6 4. Bg2 Bf5 5. O-O e6 6. c4 Nbd7 7. Nc3 Be7 8. Nd2 O-O 9. e4 dxe4 10. Ndxe4 h6 11. Be3 Re8 12. Qb3 Qb6 13. Nxf6+ Nxf6 14. d5 Qxb3 15. axb3 cxd5 16. cxd5 Nxd5 17. Nxd5 exd5 18. Bxd5 Bd3 19. Rfd1 Ba6 20. Rxa6 bxa6 21. Bxa8 Rxa8 22. Ra1 Rb8 23. Bxa7 Rxb3 24. Bd4 Rb4 25. Bc3 Rb6 26. Ra4 Bf6 27. Bxf6 Rxf6 28. Kg2 g6 29. h4 Rb6 30. Ra2 h5 31. Kf1 Kg7 32. Ke2 Kf6 33. Ke3 Kf5 34. Kf3 Rb3+ 35. Kg2 Rb6 36. Kf3 f6 37. Ra5+ Ke6 38. Ra3 g5 39. hxg5 fxg5 40. Ra5 Kf6 41. b4 Kg6 42. Kg2 Rf6 43. b5 axb5 44. Rxb5 Rf5 45. Rb6+ Rf6 46. Rb2 Rc6 47. Re2 Rc5 48. Re6+ Kf5 49. Ra6 h4 50. Rh6 hxg3 51. Kxg3 Rc3+ 52. f3 Ra3 53. Rb6 Ra5 54. Rc6 Rd5 55. Ra6 Rd3 56. Ra5+ Kg6 57. Ra4 Kh5 58. Re4 Rd1 59. Re6 Rg1+ 60. Kh2 Rf1 61. Kg2 Ra1 62. Re8 Ra3 63. Kg3 Rb3 64. Rh8+ Kg6 65. Kg4 Rb4+ 66. Kg3 Rb5 67. Kg4 Rb4+ 68. Kg3 Kf5 69. Rf8+ Kg6 70. Rc8 Kh5 71. Rc6 Ra4 72. Rb6 Ra3 73. Rb5 Kg6 74. Kg4 Ra4+ 75. Kh3 Rc4 76. Ra5 Kh5 77. Kg3 Rc3 78. Rb5 Ra3 79. Rc5 Kg6 80. Rc6+ Kh5 81. Rc4 Ra1 82. Kg2 Rb1 83. Rc2 Kh4 84. Rc4+ Kh5 85. Rc2 Rb4 86. Kg3 Rb3 87. Rh2+ Kg6 88. Rc2 Kh5 89. Rh2+ Kg6 90. Rd2 Kf5 91. Rd5+ Kg6 92. Ra5 Rb4 93. Rc5 Kh5 94. Rc6 Ra4 95. Rb6 Rc4 96. Rb5 Ra4 97. Rc5 Rd4 98. Ra5 Rb4 99. Rd5 Ra4 100. Rd7 Rb4 101. Rh7+ Kg6 102. Ra7 1/2-1/2


[Site "https://www.chess.com"]

[Event "Titled Tuesday Blitz January 03 Early 2023"]
[White "Flis, Pawel"]
[Black "Zaichenko, Daria"]
[WhiteFideId "1112864"]
[BlackFideId "4197453"]
[WhiteElo "1879"]
[BlackElo "2104"]
[Result "0-1"]
[Round "04"]
[TimeControl "180+2"]
[Date "2023.01.03"]
[WhiteClock "0:00:12"]
[BlackClock "0:00:19"]

1. e4 c5 2. Nf3 Nc6 3. d4 cxd4 4. Nxd4 Nf6 5. Nc3 d6 6. f3 g6 7. Be3 Bg7 8. Qd2 O-O 9. Bc4 a5 10. a4 Nb4 11. Ndb5 Bd7 12. O-O-O Rc8 13. Bb3 Be6 14. Kb1 Bxb3 15. cxb3 Qd7 16. Bh6 Qe6 17. h4 Qxb3 18. Bxg7 Kxg7 19. h5 g5 20. Qxg5+ Kh8 21. Qd2 Rc5 22. h6 Rfc8 23. Rc1 Rxc3 24. Nxc3 Rxc3 25. Rxc3 Qa2+ 26. Kc1 Qa1# 0-1


[Site "https://www.chess.com"]

[Event "Titled Tuesday Blitz January 03 Early 2023"]
[White "Necula, Iulian"]
[Black "Vifleemskaia, Svetlana"]
[WhiteFideId "1232380"]
[BlackFideId "4129490"]
[WhiteElo "1851"]
[BlackElo "1971"]
[Result "0-1"]
[Round "04"]
[TimeControl "180+2"]
[Date "2023.01.03"]
[WhiteClock "0:00:05"]
[BlackClock "0:00:21"]

1. d4 Nf6 2. Nc3 d5 3. Bf4 a6 4. e3 c5 5. dxc5 Qa5 6. Nf3 Qxc5 7. Bd3 Bg4 8. h3 Bh5 9. g4 Bg6 10. Bxg6 hxg6 11. g5 Nh5 12. Be5 e6 13. Bd4 Qc7 14. Qd2 b5 15. a3 Nc6 16. O-O-O Bd6 17. e4 Nxd4 18. Qxd4 Bf4+ 19. Kb1 dxe4 20. Nxe4 O-O 21. c3 Rfd8 22. Qc5 Qb7 23. Nfd2 Bxd2 24. Nd6 Qd5 25. Qxd5 exd5 26. Nb7 Rd7 27. Nc5 Rc7 28. Nxa6 Rxa6 29. Rxd2 Rd6 30. Rhd1 Rcd7 31. b3 Nf4 32. h4 Ne6 33. c4 bxc4 34. bxc4 d4 35. Kc2 Ra7 36. Kb3 Rb6+ 37. Ka2 Rba6 38. c5 Rxa3+ 39. Kb2 Rc3 40. c6 Rxc6 41. Ra1 Rb7+ 42. Ka2 Ra6# 0-1


[Site "https://www.chess.com"]

[Event "Titled Tuesday Blitz January 03 Early 2023"]
[White "Slovineanu"]
[Black "Tharushi, T H D Niklesha"]
[BlackFideId "9918264"]
[WhiteElo "2294"]
[BlackElo "1570"]
[Result "1-0"]
[Round "04"]
[TimeControl "180+2"]
[Date "2023.01.03"]
[WhiteClock "0:00:16"]
[BlackClock "0:00:34"]

1. e4 c6 2. d4 d5 3. e5 Bf5 4. Nc3 e6 5. g4 Bg6 6. Nge2 h5 7. Nf4 Qh4 8. Nxg6 fxg6 9. Bd3 Qxg4 10. Qxg4 hxg4 11. Bxg6+ Kd7 12. Bf4 Ne7 13. Bd3 Nf5 14. Ne2 Be7 15. O-O-O g5 16. Bd2 a5 17. Rdg1 Rh4 18. c3 b5 19. Ng3 Nxg3 20. hxg3 Rh3 21. Be2 Na6 22. Bxg4 Rxh1 23. Rxh1 Rf8 24. f3 c5 25. Rh7 b4 26. Bxg5 Re8 27. Bxe6+ Kxe6 28. Bxe7 cxd4 29. cxd4 Rc8+ 30. Kd2 Rc4 31. Kd3 Nc7 32. Bd6 Nb5 33. g4 Rxd4+ 34. Ke3 Rc4 35. Re7# 1-0


[Site "https://www.chess.com"]

[Event "Titled Tuesday Blitz January 03 Early 2023"]
[White "Kaminski, Victor"]
[Black "Vargas, Mauricio"]
[WhiteFideId "1131630"]
[BlackFideId "4404572"]
[WhiteElo "2247"]
[BlackElo "2035"]
[Result "1-0"]
[Round "04"]
[TimeControl "180+2"]
[Date "2023.01.03"]
[WhiteClock "0:00:40"]
[BlackClock "0:00:15"]

1. e4 c6 2. Nf3 d5 3. d3 e6 4. Nc3 d4 5. Ne2 c5 6. c3 Nc6 7. cxd4 cxd4 8. g4 e5 9. Rg1 f6 10. g5 Be6 11. a3 Qa5+ 12. Bd2 Qb6 13. b4 O-O-O 14. Nc1 Kb8 15. Rb1 f5 16. exf5 Bxf5 17. Qe2 Bd6 18. Nh4 Be6 19. Bg2 Nge7 20. Nb3 Rhf8 21. Be4 g6 22. f3 Nd5 23. Kf2 Nf4 24. Bxf4 Rxf4 25. Ng2 Rf7 26. Nc5 Bf5 27. Rgc1 Rdf8 28. Bxc6 bxc6 29. Ne4 Be7 30. Kg1 Bxe4 31. Qxe4 Rc8 32. Qxe5+ Ka8 33. Qe6 Rcf8 34. Rxc6 Qb7 35. Rbc1 Bxg5 36. Rc8+ Rxc8 37. Rxc8+ Qb8 38. Rxb8+ Kxb8 39. Qxf7 1-0


[Site "https://www.chess.com"]

[Event "Titled Tuesday Blitz January 03 Early 2023"]
[White "Mohammadian, Mohammad"]
[Black "Wieczorek, Zbigniew"]
[WhiteFideId "12566055"]
[BlackFideId "1102001"]
[WhiteElo "1398"]
[BlackElo "2150"]
[Result "0-1"]
[Round "04"]
[TimeControl "180+2"]
[Date "2023.01.03"]
[WhiteClock "0:01:18"]
[BlackClock "0:01:59"]

1. e4 g6 2. d4 Bg7 3. Be3 d6 4. h3 Nf6 5. Bd3 O-O 6. Nf3 Nc6 7. c3 e5 8. d5 Ne7 9. Qd2 Nexd5 10. exd5 e4 11. Be2 exf3 12. Bxf3 Re8 13. O-O Ne4 14. Bxe4 Rxe4 15. Re1 Qe8 16. Na3 Bf5 17. Bd4 Bxd4 18. Rxe4 Qxe4 19. Qxd4 Qxd4 20. cxd4 a6 21. Nc4 Re8 22. Ne3 Be4 23. Rd1 f5 24. Rc1 Re7 25. g3 Bf3 26. b4 Kf7 27. a4 Ke8 28. a5 Kd8 29. Kf1 Re4 30. Rc4 g5 31. Kg1 f4 32. gxf4 gxf4 33. Nf5 Re1+ 34. Kh2 Rh1# 0-1


[Site "https://www.chess.com"]

[Event "Titled Tuesday Blitz January 03 Early 2023"]
[White "Carlsen, Magnus"]
[Black "Svane, Rasmus"]
[WhiteFideId "1503014"]
[BlackFideId "4657101"]
[WhiteElo "2853"]
[BlackElo "2623"]
[Result "1-0"]
[Round "05"]
[TimeControl "180+2"]
[Date "2023.01.03"]
[WhiteClock "0:00:07"]
[BlackClock "0:00:01"]

1. b3 d5 2. Bb2 Bf5 3. Nf3 e6 4. e3 h6 5. c4 Nf6 6. cxd5 exd5 7. Be2 c6 8. O-O Bd6 9. d3 O-O 10. Nbd2 Nbd7 11. Re1 Bh7 12. Bf1 Re8 13. a3 a5 14. Qc2 Ne5 15. Nxe5 Bxe5 16. Bxe5 Rxe5 17. b4 Re8 18. Nb3 axb4 19. axb4 Nd7 20. Qc3 Qe7 21. Rxa8 Rxa8 22. Na5 Nf8 23. Ra1 Qd7 24. Nb3 Rxa1 25. Qxa1 b6 26. Qa8 Bg6 27. Qb8 b5 28. Nd4 f6 29. Be2 Be8 30. h4 h5 31. g3 g6 32. Bf1 Kg7 33. Bh3 f5 34. Qe5+ Kf7 35. Qh8 Qd6 36. Nc2 Qf6 37. Qxf6+ Kxf6 38. Kf1 Ne6 39. Ke2 Ke5 40. Kd2 Bd7 41. Ne1 Kf6 42. Kc3 Be8 43. f4 Bd7 44. Nf3 Be8 45. Ne5 Ke7 46. Bg2 Kd6 47. Nf3 c5 48. bxc5+ Kxc5 49. d4+ Kd6 50. Kb4 Nc7 51. Bf1 Na6+ 52. Ka5 Nc7 53. Ne5 Ke6 54. Kb6 Kd6 55. Bd3 Na8+ 56. Ka5 Nc7 57. Nf3 Ke6 58. Kb6 Kd6 59. Nd2 Na8+ 60. Ka5 Nc7 61. Nb1 Bd7 62. Nc3 Ne8 63. Bxb5 Nf6 64. Kb6 Ng4 65. Bxd7 Kxd7 66. Kc5 Nxe3 67. Nxd5 Nf1 68. Nb6+ Kc7 69. Nc4 Nxg3 70. Ne5 Ne4+ 71. Kd5 Nf6+ 72. Ke6 Ne4 73. d5 Nc5+ 74. Ke7 Ne4 75. Nxg6 Kb6 76. d6 Kc6 77. d7 1-0


[Site "https://www.chess.com"]

[Event "Titled Tuesday Blitz January 03 Early 2023"]
[White "Duda, Jan-Krzysztof"]
[Black "Dardha, Daniel"]
[WhiteFideId "1170546"]
[BlackFideId "240990"]
[WhiteElo "2724"]
[BlackElo "2631"]
[Result "1-0"]
[Round "05"]
[TimeControl "180+2"]
[Date "2023.01.03"]
[WhiteClock "0:00:08"]
[BlackClock "0:00:02"]

1. d4 d5 2. Bf4 Nf6 3. e3 c5 4. c3 Nc6 5. Nd2 cxd4 6. exd4 Bf5 7. Qb3 Qc8 8. Ngf3 e6 9. Nh4 Bg4 10. h3 Bh5 11. g4 Bg6 12. Nxg6 hxg6 13. Bg2 Be7 14. a4 Qd7 15. Qb5 a6 16. Qe2 Bd6 17. Be3 O-O 18. O-O e5 19. dxe5 Bxe5 20. Nf3 Rfe8 21. Nxe5 Nxe5 22. Qc2 Qc7 23. Rad1 Rad8 24. Rfe1 Nc4 25. Bd4 Ne4 26. b3 Na5 27. c4 Nf6 28. Rxe8+ Nxe8 29. Be3 dxc4 30. Rxd8 Qxd8 31. bxc4 Qd7 32. c5 Nf6 33. g5 Nh7 34. f4 Nf8 35. Kf2 Ne6 36. h4 Qc7 37. Kg3 Nc6 38. Qc4 Ne7 39. Be4 Qd7 40. Kf2 Nf5 41. Bxf5 gxf5 42. h5 Qc6 43. Qd3 Nxc5 44. Qd8+ Kh7 45. g6+ fxg6 46. hxg6+ Kxg6 47. Qg5+ Kh7 48. Qxf5+ Kg8 49. Qxc5 Qxa4 50. Qd5+ Kh7 51. Qh1+ Kg8 52. Qxb7 Qa2+ 53. Kf3 a5 54. Bd4 Qa3+ 55. Kg4 Qf8 56. Qd5+ Kh8 57. Qxa5 Qc8+ 58. Qf5 Qd8 59. Qe5 Qd7+ 60. Kg3 Qf7 61. f5 Kh7 62. Qe4 Kg8 63. Qe6 Qxe6 64. fxe6 Kf8 65. Bc5+ Ke8 66. Kf4 1-0


[Site "https://www.chess.com"]

[Event "Titled Tuesday Blitz January 03 Early 2023"]
[White "Narayanan, Srinath"]
[Black "Jobava, Baadur"]
[WhiteFideId "5018420"]
[BlackFideId "13601520"]
[WhiteElo "2559"]
[BlackElo "2578"]
[Result "1/2-1/2"]
[Round "05"]
[TimeControl "180+2"]
[Date "2023.01.03"]
[WhiteClock "0:00:08"]
[BlackClock "0:00:11"]

1. d4 d5 2. Bf4 Nf6 3. Nf3 Bf5 4. e3 e6 5. Nbd2 Bd6 6. Ne5 h6 7. Bd3 Bxd3 8. cxd3 Nbd7 9. Rc1 O-O 10. O-O Qe7 11. Qb3 Rab8 12. h3 Rfc8 13. Ndf3 Nf8 14. Qa4 a6 15. Bg3 Ne8 16. Bh2 f6 17. Ng4 Qd7 18. Qb3 h5 19. Bxd6 hxg4 20. Bxf8 gxf3 21. Ba3 fxg2 22. Kxg2 Kf7 23. e4 c6 24. e5 b6 25. f4 c5 26. Rce1 Nc7 27. Qd1 Rh8 28. Rf2 Nb5 29. dxc5 Nxa3 30. bxa3 bxc5 31. f5 Rb6 32. Qg4 Rh6 33. Kg1 exf5 34. Qf3 f4 35. Rh2 g5 36. exf6 Rbxf6 37. Rhe2 Qxh3 38. Qxd5+ Re6 39. Qd7+ Kf8 40. Qd8+ Kg7 41. Qd7+ Kf8 42. Qd8+ Kg7 43. Qd7+ Kf8 1/2-1/2


[Site "https://www.chess.com"]

[Event "Titled Tuesday Blitz January 03 Early 2023"]
[White "Lenderman, Aleksandr"]
[Black "Martinez Alcantara, Jose Eduardo"]
[WhiteFideId "2021285"]
[BlackFideId "3805662"]
[WhiteElo "2572"]
[BlackElo "2619"]
[Result "0-1"]
[Round "05"]
[TimeControl "180+2"]
[Date "2023.01.03"]
[WhiteClock "0:02:07"]
[BlackClock "0:01:55"]

1. d4 Nf6 2. g3 d5 3. Bg2 c6 4. c4 g6 5. Nf3 Bg7 6. O-O O-O 7. Qb3 dxc4 8. Qxc4 Be6 9. Qa4 Nbd7 10. Rd1 Nb6 11. Qa3 Qd6 12. b3 Rfd8 13. Bf4 Qxa3 14. Nxa3 Nbd5 15. Bd2 Ne4 16. Rac1 Nxd2 17. Rxd2 Bh6 18. e3 Nxe3 19. fxe3 Bxe3+ 20. Kf1 Bxd2 21. Nxd2 Rxd4 22. Nf3 Rd5 23. Nc4 Rad8 24. Kf2 Rc5 25. Re1 Bxc4 26. bxc4 Rxc4 27. Rxe7 Rc2+ 28. Kf1 Rxa2 29. Ne1 Rd1 30. Bf3 Rb1 0-1


[Site "https://www.chess.com"]

[Event "Titled Tuesday Blitz January 03 Early 2023"]
[White "Abasov, Nijat"]
[Black "Paravyan, David"]
[WhiteFideId "13402960"]
[BlackFideId "4194985"]
[WhiteElo "2634"]
[BlackElo "2601"]
[Result "1/2-1/2"]
[Round "05"]
[TimeControl "180+2"]
[Date "2023.01.03"]
[WhiteClock "0:00:07"]
[BlackClock "0:00:03"]

1. d4 Nf6 2. Nf3 g6 3. g3 Bg7 4. Bg2 O-O 5. O-O d5 6. c4 c6 7. Nc3 dxc4 8. e4 b5 9. Qe2 Bg4 10. e5 Nd5 11. a4 b4 12. Ne4 c3 13. bxc3 bxc3 14. a5 Qc8 15. Ba3 Qa6 16. Qc2 Qc4 17. Rfd1 Na6 18. Bf1 Ndb4 19. Qa4 Qd5 20. Bxb4 Nxb4 21. Nxc3 Qxf3 22. Qxb4 Rfb8 23. Qa3 Be6 24. Bg2 Qf5 25. d5 cxd5 26. Nxd5 Bxd5 27. Bxd5 Bxe5 28. Bxa8 Bxa1 29. Rxa1 Rxa8 30. Qxe7 a6 31. Qb7 Qc8 32. Rb1 Qxb7 33. Rxb7 Rc8 34. Rb6 h5 35. Rxa6 Rc3 36. Kg2 Ra3 37. Ra7 Kg7 38. a6 g5 39. h3 Ra2 40. Kf3 Kg6 41. Ra8 Kf5 42. Ke3 Ra3+ 43. Kd4 Ra2 44. Ra7 Kf6 45. Ke3 h4 46. gxh4 gxh4 47. Ke4 Ra3 48. f3 Kg6 49. Kf4 Ra4+ 50. Ke3 f6 51. Kd3 Kf5 52. Ke3 Ra3+ 53. Kd4 Kf4 54. Kc5 Kxf3 55. Kb5 Kg3 56. Rf7 Kxh3 57. Rxf6 Kg2 58. Rg6+ Kh2 59. Rh6 h3 60. Kb6 Kh1 61. Rg6 h2 62. a7 Rxa7 63. Kxa7 1/2-1/2


[Site "https://www.chess.com"]

[Event "Titled Tuesday Blitz January 03 Early 2023"]
[White "Ter-Sahakyan, Samvel"]
[Black "Bluebaum, Matthias"]
[WhiteFideId "13302531"]
[BlackFideId "24651516"]
[WhiteElo "2617"]
[BlackElo "2669"]
[Result "1-0"]
[Round "05"]
[TimeControl "180+2"]
[Date "2023.01.03"]
[WhiteClock "0:01:16"]
[BlackClock "0:00:25"]

1. d4 d5 2. c4 e6 3. Nf3 Nf6 4. Nc3 Bb4 5. Bg5 h6 6. Bd2 O-O 7. g4 Bxc3 8. Bxc3 Ne4 9. Qc2 Nc6 10. h4 f5 11. g5 hxg5 12. hxg5 Nxg5 13. O-O-O Ne4 14. e3 Bd7 15. Bd3 Qf6 16. Rdg1 Be8 17. Ne5 Nxc3 18. Qxc3 Nxe5 19. dxe5 Qe7 20. Qd4 dxc4 21. Bxc4 Bc6 22. Rh6 Bd5 23. Bxd5 exd5 24. Qxd5+ Rf7 25. Qh1 Qc5+ 26. Kb1 Rff8 27. e6 1-0


[Site "https://www.chess.com"]

[Event "Titled Tuesday Blitz January 03 Early 2023"]
[White "Keymer, Vincent"]
[Black "Tang, Andrew"]
[WhiteFideId "12940690"]
[BlackFideId "2059630"]
[WhiteElo "2700"]
[BlackElo "2523"]
[Result "1/2-1/2"]
[Round "05"]
[TimeControl "180+2"]
[Date "2023.01.03"]
[WhiteClock "0:00:10"]
[BlackClock "0:00:12"]

1. Nf3 d5 2. e3 Nf6 3. c4 e6 4. Nc3 b6 5. cxd5 exd5 6. g3 Bd6 7. Bg2 O-O 8. O-O Bb7 9. b3 Re8 10. Bb2 a6 11. Rc1 Nbd7 12. Re1 Ne5 13. d3 Qd7 14. Ne2 a5 15. Nxe5 Bxe5 16. Bxe5 Rxe5 17. Qc2 Re7 18. d4 Qd6 19. Nf4 a4 20. bxa4 Qb4 21. Qb3 Qxa4 22. Nxd5 Nxd5 23. Bxd5 Bxd5 24. Qxd5 Qxa2 25. Qb7 Qa7 26. Qf3 c5 27. dxc5 bxc5 28. Rxc5 Rae8 29. Rec1 Qd7 30. h4 Qe6 31. h5 h6 32. Kg2 Rd8 33. R1c2 Ree8 34. Rc7 Rd5 35. R2c6 Qf5 36. Qxf5 Rxf5 37. Rc8 Kf8 38. g4 Rg5 39. Kg3 Rd5 40. e4 Rd1 41. Rxe8+ Kxe8 42. Rc8+ Ke7 43. Rg8 Kf6 44. f4 Rd3+ 45. Kf2 Rd4 46. Ke3 Ra4 47. e5+ Ke6 48. Rxg7 Ra3+ 49. Ke4 Ra4+ 50. Kf3 Ra3+ 51. Kg2 Ra4 52. Kg3 Ra3+ 53. Kh4 Ra4 54. f5+ Kxe5 55. Rxf7 Kf4 56. Rb7 Ra1 57. Rb4+ Kf3 58. Rb3+ Kf4 59. Kh3 Kg5 60. Rb4 Ra3+ 61. Kg2 Rc3 62. Kf2 Ra3 63. Re4 Rb3 64. Kg2 Ra3 65. Rd4 Rb3 66. Kf2 Ra3 67. Rc4 Rb3 68. Re4 Ra3 69. Re3 Ra4 70. Rf3 Kxg4 71. f6 Ra8 72. f7 Rf8 73. Ke3 Kxh5 74. Ke4 Kg6 75. Ke3 Rxf7 76. Rxf7 Kxf7 77. Kf3 Kg6 78. Kg2 Kg5 79. Kh1 h5 80. Kg1 Kg4 81. Kh1 Kg3 82. Kg1 h4 83. Kh1 h3 84. Kg1 h2+ 85. Kh1 Kh3 1/2-1/2


[Site "https://www.chess.com"]

[Event "Titled Tuesday Blitz January 03 Early 2023"]
[White "Xiong, Jeffery"]
[Black "Donchenko, Alexander"]
[WhiteFideId "2047640"]
[BlackFideId "24603295"]
[WhiteElo "2692"]
[BlackElo "2669"]
[Result "1-0"]
[Round "05"]
[TimeControl "180+2"]
[Date "2023.01.03"]
[WhiteClock "0:01:22"]
[BlackClock "0:01:04"]

1. e4 c6 2. d4 d5 3. exd5 cxd5 4. c4 Nf6 5. Nc3 Nc6 6. Nf3 Bg4 7. cxd5 Nxd5 8. Qb3 Bxf3 9. gxf3 Nb6 10. d5 Nd4 11. Qd1 e5 12. dxe6 fxe6 13. Be3 Bc5 14. Bb5+ Nxb5 15. Qxd8+ Rxd8 16. Nxb5 Bxe3 17. fxe3 a6 18. Nd4 Ke7 19. Rc1 Rc8 20. Ke2 Nd5 21. a3 g6 22. Kd3 Kd6 23. Ne2 Rhf8 24. Rxc8 Rxc8 25. Ng3 Rf8 26. Ke2 Rc8 27. Kd3 Rf8 28. Ne4+ Ke5 29. Ke2 Rc8 30. Kd3 Rf8 31. f4+ Kf5 32. Rg1 Nb4+ 33. axb4 Rd8+ 34. Ke2 Kxe4 35. Rc1 Rd7 36. Rc5 Rd5 37. Rc4+ 1-0


[Site "https://www.chess.com"]

[Event "Titled Tuesday Blitz January 03 Early 2023"]
[White "Suleymanli, Suleyman"]
[Black "Vokhidov, Shamsiddin"]
[WhiteFideId "13416375"]
[BlackFideId "14204223"]
[WhiteElo "2269"]
[BlackElo "2586"]
[Result "0-1"]
[Round "05"]
[TimeControl "180+2"]
[Date "2023.01.03"]
[WhiteClock "0:00:02"]
[BlackClock "0:01:16"]

1. Nf3 d5 2. g3 Nc6 3. d4 Bf5 4. Bg2 Nb4 5. Na3 e6 6. O-O Nf6 7. c4 c6 8. Nh4 Bg4 9. c5 Be7 10. Bd2 a5 11. Nc2 Bxe2 12. Qxe2 Nxc2 13. Rad1 Nxd4 14. Qd3 Bxc5 15. Bf4 Nb5 16. Nf3 O-O 17. b3 Ne4 18. Ne5 Nbd6 19. Qc2 Ba7 20. Nc4 f6 21. Nxd6 Nxd6 22. Rfe1 e5 23. Bc1 Qe7 24. Ba3 Rfd8 25. Bxd5+ cxd5 26. Rxd5 Qe6 27. Red1 Nf7 28. Rxd8+ Rxd8 29. Rxd8+ Nxd8 30. Qc7 Qb6 31. Qc4+ Kh8 32. Qe2 Ne6 33. Kg2 Qc6+ 34. Kg1 Nd4 0-1


[Site "https://www.chess.com"]

[Event "Titled Tuesday Blitz January 03 Early 2023"]
[White "Kravtsiv, Martyn"]
[Black "Naroditsky, Daniel"]
[WhiteFideId "14113147"]
[BlackFideId "2026961"]
[WhiteElo "2598"]
[BlackElo "2618"]
[Result "0-1"]
[Round "05"]
[TimeControl "180+2"]
[Date "2023.01.03"]
[WhiteClock "0:00:02"]
[BlackClock "0:00:11"]

1. e4 c6 2. Nf3 d5 3. d3 Qc7 4. Nc3 dxe4 5. Nxe4 e5 6. Qe2 Be7 7. g3 Bg4 8. Bg2 Nd7 9. h3 Bh5 10. Bd2 Ngf6 11. Nxf6+ gxf6 12. g4 Bg6 13. O-O-O O-O-O 14. Nh4 Nc5 15. Kb1 Ne6 16. Be3 Kb8 17. Be4 Bc5 18. Nf5 Qb6 19. Bxc5 Nxc5 20. Qe3 Bxf5 21. Bxf5 Rd4 22. c3 Na4 23. Qd2 Rd5 24. Qc2 Nxb2 25. Ka1 Nxd1 26. Rxd1 h6 27. Be4 Rb5 28. a3 Rd8 29. Ka2 Qc5 30. c4 Ra5 31. Qb2 Ra6 32. Rf1 Rd4 33. Qc3 b5 34. Rb1 Rb6 35. Qa5 Rd7 36. Rb2 Rdb7 37. Rc2 Rc7 38. f3 Rbb7 39. Rb2 Qb6 40. Qb4 a5 41. Qf8+ Rc8 42. Qxh6 b4 43. Qxf6 b3+ 44. Ka1 Qg1+ 45. Rb1 Qd4+ 46. Rb2 Qc3 0-1


[Site "https://www.chess.com"]

[Event "Titled Tuesday Blitz January 03 Early 2023"]
[White "Sarana, Alexey"]
[Black "Oliveira, Silvio Eduardo"]
[WhiteFideId "24133795"]
[BlackFideId "2111560"]
[WhiteElo "2685"]
[BlackElo "2297"]
[Result "1-0"]
[Round "05"]
[TimeControl "180+2"]
[Date "2023.01.03"]
[WhiteClock "0:00:09"]
[BlackClock "0:00:03"]

1. c4 Nf6 2. d4 e6 3. Nc3 d5 4. cxd5 exd5 5. Bf4 Bd6 6. Bxd6 Qxd6 7. e3 O-O 8. Bd3 b6 9. h3 c5 10. Nf3 Nc6 11. dxc5 bxc5 12. O-O Be6 13. Rc1 Rfd8 14. b3 h6 15. Qe2 Nb4 16. Rfd1 Nxd3 17. Qxd3 Rac8 18. Qb5 Qb6 19. Qa4 Bf5 20. Qa3 Be4 21. Na4 Qd6 22. Rxc5 Bxf3 23. gxf3 Qe6 24. Kg2 Qf5 25. Qb4 Qg5+ 26. Kh2 Qf5 27. Qf4 Qxf4+ 28. exf4 Rxc5 29. Nxc5 d4 30. b4 Nh5 31. f5 Kf8 32. a4 Ke7 33. a5 Nf4 34. Kg3 Ne2+ 35. Kg4 Kf6 36. f4 Nc3 37. Rd3 Rd5 38. Nb3 Nb5 39. Nd2 Nd6 40. Nb3 Nxf5 41. Kf3 Rb5 42. Nxd4 Rxb4 43. Nxf5 Kxf5 44. Rd5+ Ke6 45. Rc5 Rb3+ 46. Kg4 Rb7 47. f5+ Kd6 48. Rc4 Rb5 49. a6 Rb6 50. Ra4 Kc5 51. Re4 Kb5 52. Re7 Kxa6 53. Rxf7 Rb7 54. Rf8 Kb6 55. f6 gxf6 56. Rxf6+ Kb5 57. Rxh6 a5 58. Rh8 Rb6 59. Ra8 a4 60. f4 Ra6 61. Rxa6 Kxa6 62. f5 a3 63. f6 a2 64. f7 a1=Q 65. f8=Q Qg1+ 66. Kh5 Qd1+ 67. Kh6 Qd2+ 68. Kh5 Qd1+ 69. Kh4 Qe1+ 70. Kg4 Qe2+ 71. Qf3 Qe6+ 72. Qf5 Qe2+ 73. Kg5 Kb6 74. h4 Kc6 75. h5 Qg2+ 76. Kf6 Qb2+ 77. Kf7 Kd6 78. Qf6+ Qxf6+ 79. Kxf6 Kd7 80. h6 Ke8 81. h7 Kd7 82. h8=Q 1-0


[Site "https://www.chess.com"]

[Event "Titled Tuesday Blitz January 03 Early 2023"]
[White "Dominguez Perez, Leinier"]
[Black "Kozak, Adam"]
[WhiteFideId "3503240"]
[BlackFideId "753246"]
[WhiteElo "2739"]
[BlackElo "2572"]
[Result "0-1"]
[Round "05"]
[TimeControl "180+2"]
[Date "2023.01.03"]
[WhiteClock "0:00:01"]
[BlackClock "0:00:03"]

1. e4 e5 2. Nf3 Nc6 3. Bb5 Nf6 4. O-O Nxe4 5. Re1 Nd6 6. Nxe5 Be7 7. Bf1 Nxe5 8. Rxe5 O-O 9. d4 Bf6 10. Re1 Re8 11. Bf4 Rxe1 12. Qxe1 Ne8 13. Nc3 Bxd4 14. Nd5 c6 15. Ne7+ Kf8 16. Nxc8 Rxc8 17. Qb4+ c5 18. Qxb7 Rc6 19. c3 Bxf2+ 20. Kxf2 Qf6 21. Kg3 g5 22. Be3 Qe5+ 23. Kf2 Rf6+ 24. Ke2 Rb6 25. Qxd7 Nf6 26. Qd2 Ng4 27. Re1 Rxb2 28. Qxb2 Qxe3+ 29. Kd1 Nf2+ 30. Kc2 Qxe1 31. Qb8+ Kg7 32. Bc4 Qd1+ 33. Kb2 Qd2+ 34. Kb3 Qd1+ 35. Kb2 Qd2+ 36. Kb3 Qe1 0-1


[Site "https://www.chess.com"]

[Event "Titled Tuesday Blitz January 03 Early 2023"]
[White "Galchenko, Matvey"]
[Black "Kamsky, Gata"]
[WhiteFideId "24175480"]
[BlackFideId "2000024"]
[WhiteElo "2438"]
[BlackElo "2665"]
[Result "1-0"]
[Round "05"]
[TimeControl "180+2"]
[Date "2023.01.03"]
[WhiteClock "0:00:05"]
[BlackClock "0:00:01"]

1. f4 d5 2. Nf3 Nf6 3. g3 Bg4 4. Bg2 Bxf3 5. Bxf3 c6 6. O-O Nbd7 7. d3 e5 8. Nc3 Bd6 9. e4 dxe4 10. dxe4 Qc7 11. f5 h6 12. Qe2 Bc5+ 13. Kh1 a5 14. Bd2 a4 15. a3 b5 16. Rad1 Nb6 17. Bc1 Qe7 18. g4 Nfd7 19. Rd3 O-O 20. g5 hxg5 21. Qg2 f6 22. Bh5 Rfd8 23. h4 g4 24. Qxg4 Nf8 25. Rg3 Nc4 26. Bg6 Nxg6 27. fxg6 Kf8 28. Qh5 Ke8 29. Qf5 Nd6 30. Qh3 Qd7 31. Qg2 Qe6 32. h5 Kd7 33. h6 gxh6 34. g7 Rg8 35. Rg6 Ne8 36. Bxh6 Kc7 37. Ne2 Kb7 38. Ng3 Rd8 39. Nh5 Be7 40. Qg4 Qxg4 41. Rxg4 Rd7 42. Kh2 Bd8 43. Kh3 Rf7 44. Rg6 Kc7 45. Kg4 Be7 46. Kh3 Kd7 47. Bg5 Ke6 48. Bh6 Bd8 49. Ng3 Nxg7 50. Nf5 Rh8 51. Rxg7 Rxh6+ 52. Kg4 Rxg7+ 53. Nxg7+ Kf7 54. Nf5 Rg6+ 55. Kf3 Ke6 56. Rd1 Be7 57. Rh1 Bf8 58. Rh7 1-0


[Site "https://www.chess.com"]

[Event "Titled Tuesday Blitz January 03 Early 2023"]
[White "Drozdowski, Kacper"]
[Black "Madaminov, Mukhiddin"]
[WhiteFideId "1136720"]
[BlackFideId "14210703"]
[WhiteElo "2448"]
[BlackElo "2422"]
[Result "0-1"]
[Round "05"]
[TimeControl "180+2"]
[Date "2023.01.03"]
[WhiteClock "0:01:33"]
[BlackClock "0:01:49"]

1. e4 e5 2. Nf3 Nc6 3. Bc4 Nf6 4. d3 h6 5. c3 g5 6. h3 Bg7 7. Nbd2 O-O 8. Bb3 d5 9. Qe2 Re8 10. Nf1 Be6 11. Ng3 Qd7 12. Bc2 Rad8 13. b4 b5 14. a4 a6 15. axb5 axb5 16. exd5 Nxd5 17. Ne4 Qe7 18. Bb2 Nf4 19. Qf1 f5 20. Nc5 e4 21. dxe4 Bc4 22. Bb3 Qxe4+ 23. Nxe4 Rxe4+ 24. Qe2 Rxe2+ 0-1


[Site "https://www.chess.com"]